 Dungeon Crawl Stone Soup version bcrawl-1.12-11-gb93c957c58 (console) character file.

Game seed: 15575144414864257474

139 CALLOUS the Skirmisher (level 5, 0/42 HPs)
             Began as a Formicid Warper on July 3, 2019.
             Was a Follower of Cheibriados.
             Killed by divine providence
             ... invoked by an orc priest
              (12 damage)
             ... on level 4 of the Dungeon.
             The game lasted 00:53:55 (4181 turns).

CALLOUS the Skirmisher (Formicid Warper)            Turns: 4181, Time: 00:53:56

Health: 0/42       AC:  5    Str: 18    XL:     5   Next: 46%
Magic:  2/6        EV: 11    Int: 15    God:    Cheibriados [*.....]
Gold:   233        SH:  0    Dex: 12    Spells: 2/6 levels left

rFire    . . .     SeeInvis +   b - +2 mace (venom)
rCold    . . .     Gourm    .   (no shield)
rNeg     . . .     Faith    .   y - +0 ring mail (curse)
rPois    .         Spirit   .   (helmet unavailable)
rElec    .         Reflect  .   (no cloak)
rCorr    .         Harm     .   (no gloves)
MR       .....                  (no boots)
Stlth    +.........             (no amulet)
HPRegen  0.14/turn              A - ring of wizardry
MPRegen  0.10/turn              (no ring)

@: very slow
A: permanent stasis, dig shafts and tunnels, four strong arms, antennae 3
a: Dig, Shaft Self, Bend Time, Renounce Religion


You were on level 4 of the Dungeon.
You worshipped Cheibriados.
Cheibriados was aware of your devotion.
You were very hungry.

You visited 1 branch of the dungeon, and saw 4 of its levels.

You collected 233 gold pieces.

Inventory:

Hand Weapons
 a - a +2 dagger of flaming
 b - a +2 mace of venom (weapon)
 j - a +0 hunting sling
 n - a +0 hunting sling
 C - a +0 hunting sling
Missiles
 e - 181 javelins (quivered)
 f - 2 throwing nets {!f}
 i - 702 stones
 k - 398 bolts
 u - 145 poisoned needles
 w - 144 arrows
 D - 200 sling bullets
Armour
 y - a cursed +0 ring mail (worn)
Jewellery
 A - a ring of wizardry (left hand)
 E - an uncursed ring of insulation {unknown}
Wands
 F - a wand of flame (14)
Scrolls
 d - a scroll of blinking
 h - a scroll of enchant weapon {unknown}
 l - a scroll of magic mapping {unknown}
 o - 6 scrolls of teleportation {unknown}
 p - 2 scrolls of enchant armour {unknown}
 r - a scroll of fear {unknown}
 z - 2 scrolls of remove curse {unknown}
Potions
 t - a potion of cancellation {unknown}
 v - a potion of mutation {unknown}
Comestibles
 g - 4 rations {!d}


   Skills:
 * Level 4.0 Fighting
 * Level 1.6(2.2) Slings
 - Level 2.0(2.2) Throwing
 * Level 2.6 Armour
 - Level 1.7 Dodging
 + Level 1.4 Stealth
 - Level 1.1 Spellcasting
 - Level 2.6 Translocations
 * Level 1.2 Invocations


You had 2 spell levels left.
You knew the following spells:

 Your Spells              Type           Power        Failure   Level  Hunger
a - Blink Other           Tloc           #.....       6%          1    ##.....
b - Portal Projectile     Tloc           #.....       16%         3    ####...

Your spell library contained the following spells:

 Spells                   Type           Power        Failure   Level  Hunger
 Teleport Other           Tloc           #.......     16%         3    ####...
 Passage of Golubria      Tloc           N/A          80%         5    ######.
 Blink                    Tloc           Unusable     N/A         2    N/A

Dungeon Overview and Level Annotations

Branches:
Dungeon (4/12)
 Temple: D:4-7

Altars:
Cheibriados
Sif Muna
Uskayaw
Wu Jian

Annotations:
D:1 1 exclusion
D:2 1 exclusion
D:3 1 exclusion


Innate Abilities, Weirdness & Mutations

You cannot be hasted, slowed, berserked, paralysed or teleported.
You can dig through walls and to a lower floor.
Your four strong arms can wield two-handed weapons with a shield.
You have a pair of large antennae on your head. (SInv)


Message History

Aim: an orc priest, wielding a +0 hand axe You magically throw a javelin.
The javelin barely misses the orc priest.
An orc comes into view. It is wielding a +0 short sword.
The orc moves out of view.
Press: ? - help, v - describe, . - travel
Here: an orc wizard, wielding a +0 dagger and wearing a +0 robe (hasn't noticed you)
The floor.
Placed new exclusion.
Reduced exclusion size to a single square.
Removed exclusion.
Unknown command.
You are no longer teleporting projectiles to their destination.
The orc priest invokes the aid of Beogh against you.
Beogh smites you!
You closely miss the orc. The orc hits you with a +0 club.
* * * LOW HITPOINT WARNING * * *
The orc priest mumbles some strange prayers to Beogh against you.
Beogh smites you!
You die...

....... o......
.{..... o..o...
..o.^ . ... ..
##.## .. .
###.#.##.# .
###.#@o.#...## ..
...###.#.##.#.##
....##.##.....##
#..............
##..#...########
#.......####
#..........#
#..........#
#..........#
#.#####....####..
... ..#..........


You could see an orc priest and 2 orcs.

Vanquished Creatures
  An orc wizard (D:4)
  A worker ant (D:3)
  2 adders
  A worm (D:2)
  A dart slug (D:2)
  2 leopard geckos
  4 orcs
  A bat (D:1)
  A giant cockroach (D:1)
  4 goblins
  6 hobgoblins
  11 jackals
  7 kobolds
  2 frilled lizards (D:1)
  16 rats
60 creatures vanquished.

Notes
Turn   | Place    | Note
-------+----------+-------------------------------------------
     0 | D:1      | CALLOUS the Formicid Warper began the quest for the Orb.
     0 | D:1      | Reached XP level 1. HP: 16/16 MP: 2/2
   176 | D:1      | Reached XP level 2. HP: 23/23 MP: 3/3
   226 | D:1      | Reached skill level 1 in Armour
   953 | D:1      | Reached XP level 3. HP: 28/28 MP: 4/4
  1009 | D:1      | Reached skill level 1 in Slings
  1040 | D:1      | Reached skill level 3 in Fighting
  1512 | D:2      | Learned a level 3 spell: Portal Projectile
  1886 | D:2      | Found an ornate altar of the Wu Jian Council.
  2175 | D:2      | Found a snail-covered altar of Cheibriados.
  2175 | D:2      | Found a deep blue altar of Sif Muna.
  2184 | D:2      | Became a worshipper of Cheibriados the Contemplative
  2225 | D:2      | Reached XP level 4. HP: 29/35 MP: 5/5
  2943 | D:3      | Reached skill level 1 in Stealth
  3346 | D:3      | Reached skill level 1 in Invocations
  3346 | D:3      | Reached XP level 5. HP: 36/42 MP: 4/6
  3970 | D:4      | Reached * piety under Cheibriados
  3970 | D:4      | Reached skill level 4 in Fighting
  4136 | D:4      | Found a hide-covered altar of Uskayaw.
  4181 | D:4      | Killed from afar by an orc priest

Skill      XL: |  1  2  3  4  5 |
---------------+----------------+-----
Armour         | 1 2 |  2.6
Slings         | 1 |  1.6
Fighting       | 3 4 |  4.0
Stealth        | 1 |  1.4
Invocations    | 1 |  1.2
Throwing       | |  2.0
Dodging        | |  1.7
Spellcasting   | |  1.1
Translocations | |  2.6

Action                   |  1- 3 |  4- 6 || total
-------------------------+-------+-------++-------
Melee: Dagger            |   147 |       ||   147
       Mace              |     1 |    56 ||    57
Throw: Stone             |    92 |    43 ||   135
       Javelin           |     3 |    14 ||    17
 Cast: Blink Other       |     9 |    13 ||    22
       Portal Projectile |       |     1 ||     1
 Stab: Sleeping          |     1 |       ||     1
  Eat: Chunk             |     5 |     6 ||    11
Armor: Robe              |    14 |       ||    14
       Ring mail         |     3 |    33 ||    36
Dodge: Dodged            |    88 |    45 ||   133
